[ AOE2 MATCH · #483562012 ]
1v1 EWVietnamese vs Poles
Player's team · WIN
Rival team · LOSS
[ REPLAY ANALYSIS · EXTRACTED FROM THE RECORDED GAME ]
Feudal
—
Castle
10:24
Imperial
21:56
| APM avg | 14.7 |
| APM peak | 26 |
| eAPM avg | 12.3 |
| Villagers / military | 85 / 198 |
Focus
⚔️ 43.5% · 🌾 56.5%
Archer ×57 · Rattan Archer ×33 · Spearman ×24 · Fire Lancer ×19 · Bombard Cannon ×16 · Battle Elephant ×13
Feudal
—
Castle
—
Imperial
—
| APM avg | 31.3 |
| APM peak | 60 |
| eAPM avg | 18.4 |
| Villagers / military | 146 / 307 |
Focus
⚔️ 48.2% · 🌾 51.8%
Skirmisher ×129 · Scout Cavalry ×122 · Knight ×17 · Obuch ×15 · Trebuchet (Packed) ×9 · Bombard Cannon ×7
Match map
Resources at game start + every placement click. Thick line = wall · dashed box = detected house wall. 🟡 gold · ⚪ stone · 🟢 berries · 🔶 boar · ⭕ relic
Inputs per minute
— BananaWednesday - - ShutUpFingers
Build order — BananaWednesday
First 150 of 319 actions detected
| 0:00 | Create | Villager (Male) |
| 0:06 | Build | House |
| 0:18 | Create | Villager (Male) |
| 0:23 | Research | Double-Bit Axe |
| 0:38 | Create | Villager (Male) |
| 0:38 | Create | Villager (Male) |
| 0:45 | Build | House |
| 0:54 | Build | Archery Range |
| 1:17 | Create | Villager (Male) |
| 1:27 | Create | Spearman |
| 1:30 | Create | Villager (Male) |
| 2:02 | Create | Spearman |
| 2:03 | Create | Archer |
| 2:03 | Create | Archer |
| 2:06 | Create | Villager (Male) |
| 2:25 | Research | Horse Collar |
| 2:30 | Create | Spearman |
| 2:31 | Create | Archer |
| 2:49 | Build | Stable |
| 2:51 | Build | House |
| 2:54 | Create | Villager (Male) |
| 3:06 | Create | Villager (Male) |
| 3:13 | Create | Spearman |
| 3:13 | Create | Spearman |
| 3:21 | Build | House |
| 3:31 | Create | Villager (Male) |
| 3:51 | Create | Archer |
| 3:54 | Create | Spearman |
| 3:58 | Create | Villager (Male) |
| 4:16 | Build | Dock |
| 4:20 | Create | Villager (Male) |
| 4:26 | Create | Spearman |
| 4:28 | Create | Archer |
| 4:35 | Build | Dock |
| 4:36 | Build | House |
| 4:38 | Build | House |
| 4:45 | Build | Mill |
| 4:50 | Create | Villager (Male) |
| 4:58 | Build | House |
| 4:59 | Build | House |
| 5:02 | Create | Villager (Male) |
| 5:04 | Create | Archer |
| 5:06 | Create | Spearman |
| 5:15 | Create | Fishing Ship |
| 5:16 | Create | Fishing Ship |
| 5:38 | Create | Villager (Male) |
| 5:41 | Create | Archer |
| 6:02 | Create | Scout Cavalry |
| 6:08 | Create | Fishing Ship |
| 6:09 | Create | Fishing Ship |
| 6:13 | Research | Tech 906 |
| 6:23 | Build | Mining Camp |
| 6:26 | Create | Villager (Male) |
| 6:27 | Create | Villager (Male) |
| 6:42 | Create | Fishing Ship |
| 6:42 | Create | Fishing Ship |
| 6:49 | Create | Fishing Ship |
| 6:49 | Create | Fishing Ship |
| 7:09 | Create | Villager (Male) |
| 7:15 | Create | Archer |
| 7:15 | Create | Archer |
| 7:16 | Create | Archer |
| 7:44 | Research | Castle Age |
| 8:17 | Create | Spearman |
| 8:18 | Create | Spearman |
| 8:19 | Research | Forging |
| 8:33 | Create | Spearman |
| 8:58 | Create | Archer |
| 9:00 | Create | Spearman |
| 9:00 | Create | Spearman |
| 9:06 | Build | Watch Tower |
| 9:19 | Research | Fletching |
| 9:20 | Research | Scale Mail Armor |
| 9:21 | Research | Padded Archer Armor |
| 9:31 | Create | Archer |
| 9:49 | Create | Villager (Male) ×5 |
| 9:51 | Research | Stone Mining |
| 10:02 | Build | House |
| 10:03 | Build | House |
| 10:06 | Build | House |
| 10:07 | Build | House |
| 10:13 | Create | Archer |
| 10:24 | Age | Castle Age |
| 10:27 | Research | Crossbowman (upgrade) |
| 10:50 | Research | Thumb Ring |
| 10:55 | Research | Crossbowman (upgrade) |
| 11:04 | Build | Farm |
| 11:05 | Build | Farm |
| 11:15 | Research | Bodkin Arrow |
| 11:32 | Research | Squires |
| 11:51 | Build | Town Center |
| 12:00 | Build | Monastery |
| 12:09 | Research | Leather Archer Armor |
| 12:14 | Create | Spearman |
| 12:14 | Create | Spearman |
| 12:26 | Create | Villager (Male) |
| 12:26 | Create | Villager (Male) |
| 13:44 | Build | Siege Workshop |
| 13:57 | Build | Castle |
| 14:01 | Create | Monk |
| 14:01 | Create | Monk |
| 14:06 | Create | Villager (Male) ×5 |
| 14:10 | Create | Villager (Male) ×5 |
| 14:16 | Create | Archer |
| 14:16 | Create | Archer |
| 14:19 | Create | Fire Lancer |
| 14:24 | Research | Heavy Plow |
| 14:40 | Research | Gillnets |
| 14:51 | Create | Battering Ram |
| 15:01 | Create | Mangonel |
| 15:12 | Build | Mining Camp |
| 15:35 | Build | Mining Camp |
| 15:42 | Create | Mangonel |
| 16:31 | Create | Villager (Male) ×5 |
| 16:33 | Research | Wheelbarrow |
| 16:34 | Research | Town Watch |
| 16:42 | Create | Archer ×5 |
| 17:36 | Research | Hand Cart |
| 18:03 | Build | Mining Camp |
| 18:16 | Create | Villager (Male) ×5 |
| 18:23 | Create | Villager (Male) ×5 |
| 18:46 | Research | Imperial Age |
| 18:56 | Research | Gold Mining |
| 19:01 | Build | University |
| 19:28 | Create | Fire Lancer |
| 19:28 | Create | Fire Lancer |
| 19:32 | Research | Chain Mail Armor |
| 19:49 | Build | Farm |
| 19:58 | Research | Guard Tower (upgrade) |
| 20:14 | Create | Rattan Archer |
| 20:21 | Create | Villager (Male) ×4 |
| 20:35 | Create | Rattan Archer |
| 20:37 | Create | Fire Lancer |
| 21:22 | Create | Archer |
| 21:28 | Research | Ballistics |
| 21:40 | Create | Villager (Male) |
| 21:40 | Create | Villager (Male) |
| 21:43 | Create | Villager (Male) |
| 21:43 | Create | Villager (Male) |
| 21:46 | Research | Bow Saw |
| 21:56 | Age | Imperial Age |
| 21:58 | Create | Trebuchet (Packed) |
| 22:01 | Create | Archer |
| 22:12 | Research | Pikeman (upgrade) |
| 22:28 | Create | Trebuchet (Packed) |
| 22:36 | Build | Farm |
| 22:39 | Create | Archer |
| 22:53 | Research | Chemistry |
| 22:59 | Create | Archer |
| 23:00 | Create | Spearman |
Build order — ShutUpFingers
First 150 of 636 actions detected
| 0:04 | Create | Villager (Male) |
| 0:04 | Create | Villager (Male) |
| 0:16 | Create | Villager (Male) |
| 0:16 | Create | Villager (Male) |
| 0:23 | Build | House |
| 0:26 | Build | House |
| 0:38 | Create | Spearman |
| 0:38 | Create | Spearman |
| 0:51 | Create | Villager (Male) |
| 0:51 | Create | Villager (Male) |
| 1:03 | Build | Lumber Camp |
| 1:14 | Build | Archery Range |
| 1:24 | Create | Villager (Male) |
| 1:24 | Create | Villager (Male) |
| 1:38 | Build | Farm |
| 1:48 | Create | Villager (Male) |
| 1:48 | Create | Villager (Male) |
| 2:11 | Build | Stable |
| 2:15 | Create | Skirmisher |
| 2:16 | Create | Skirmisher |
| 2:38 | Create | Villager (Male) |
| 2:39 | Create | Villager (Male) |
| 2:44 | Create | Villager (Male) |
| 2:45 | Create | Villager (Male) |
| 3:02 | Build | Dock |
| 3:06 | Create | Skirmisher |
| 3:07 | Create | Skirmisher |
| 3:07 | Create | Skirmisher |
| 3:25 | Build | Farm |
| 3:29 | Research | Horse Collar |
| 3:59 | Build | Mill |
| 4:06 | Create | Villager (Male) |
| 4:06 | Create | Villager (Male) |
| 4:07 | Create | Villager (Male) |
| 4:18 | Create | Demolition Raft |
| 4:31 | Create | Scout Cavalry |
| 4:45 | Build | Farm |
| 4:48 | Build | Farm |
| 5:02 | Research | Padded Archer Armor |
| 5:06 | Create | Villager (Male) |
| 5:10 | Create | Fishing Ship |
| 5:11 | Create | Fishing Ship |
| 5:31 | Create | Skirmisher |
| 5:32 | Create | Scout Cavalry |
| 5:35 | Create | Villager (Male) |
| 5:36 | Create | Villager (Male) |
| 5:44 | Build | House |
| 5:48 | Build | House |
| 5:57 | Research | Bloodlines |
| 6:04 | Research | Wheelbarrow |
| 6:14 | Create | Fishing Ship |
| 6:20 | Build | Farm |
| 6:21 | Build | Farm |
| 6:21 | Build | Farm |
| 6:21 | Build | Farm |
| 6:21 | Build | Farm |
| 6:23 | Build | Farm |
| 6:44 | Create | Skirmisher |
| 6:51 | Create | Fishing Ship |
| 7:09 | Research | Scale Barding Armor |
| 7:14 | Create | Villager (Male) |
| 7:31 | Create | Scout Cavalry |
| 7:45 | Research | Forging |
| 8:43 | Research | Castle Age |
| 8:44 | Research | Castle Age |
| 9:00 | Create | Skirmisher |
| 9:01 | Create | Skirmisher |
| 9:11 | Create | Scout Cavalry |
| 9:12 | Create | Scout Cavalry |
| 9:38 | Create | Skirmisher |
| 9:45 | Create | Scout Cavalry |
| 9:46 | Create | Scout Cavalry |
| 9:49 | Create | Scout Cavalry |
| 10:03 | Build | House |
| 10:05 | Build | House |
| 10:07 | Build | House |
| 10:21 | Research | Fletching |
| 11:06 | Create | Skirmisher |
| 11:06 | Create | Skirmisher |
| 11:18 | Create | Scout Cavalry |
| 11:34 | Build | Town Center |
| 11:39 | Create | Villager (Male) |
| 11:39 | Create | Villager (Male) |
| 11:40 | Create | Villager (Male) |
| 11:40 | Create | Villager (Male) |
| 11:40 | Create | Villager (Male) |
| 11:45 | Research | Husbandry |
| 11:55 | Build | Monastery |
| 12:03 | Build | House |
| 12:05 | Build | House |
| 12:08 | Research | Heavy Plow |
| 12:14 | Research | Chain Barding Armor |
| 12:16 | Research | Leather Archer Armor |
| 12:19 | Create | Villager (Male) |
| 12:19 | Create | Villager (Male) |
| 12:21 | Build | Lumber Camp |
| 12:26 | Build | Lumber Camp |
| 13:28 | Create | Villager (Male) |
| 13:29 | Create | Villager (Male) |
| 13:30 | Create | Villager (Male) |
| 13:30 | Create | Villager (Male) |
| 13:51 | Create | Skirmisher |
| 13:51 | Create | Skirmisher |
| 13:56 | Research | Bodkin Arrow |
| 14:01 | Build | Archery Range |
| 14:07 | Create | Scout Cavalry |
| 14:16 | Create | Villager (Male) |
| 14:16 | Create | Villager (Male) |
| 14:21 | Create | Skirmisher |
| 14:21 | Create | Skirmisher |
| 14:28 | Create | Villager (Male) |
| 14:29 | Create | Villager (Male) |
| 14:29 | Create | Villager (Male) |
| 14:40 | Build | Mining Camp |
| 14:43 | Create | Villager (Male) |
| 14:43 | Create | Villager (Male) |
| 14:46 | Create | Scout Cavalry |
| 14:56 | Build | Siege Workshop |
| 15:02 | Create | Scout Cavalry |
| 15:03 | Create | Skirmisher |
| 15:03 | Create | Skirmisher |
| 15:12 | Build | Archery Range |
| 15:39 | Create | Skirmisher |
| 15:40 | Create | Skirmisher |
| 16:05 | Create | Scout Cavalry |
| 16:05 | Create | Scout Cavalry |
| 16:06 | Create | Scout Cavalry |
| 16:08 | Create | Skirmisher |
| 16:09 | Create | Skirmisher |
| 16:09 | Create | Skirmisher |
| 16:27 | Research | Iron Casting |
| 16:29 | Create | Skirmisher |
| 16:29 | Create | Skirmisher |
| 16:30 | Create | Skirmisher |
| 16:30 | Create | Skirmisher |
| 16:30 | Create | Skirmisher |
| 16:30 | Create | Skirmisher |
| 16:41 | Build | Castle |
| 17:49 | Create | Obuch |
| 17:50 | Create | Obuch |
| 17:50 | Create | Obuch |
| 17:57 | Create | Villager (Male) |
| 17:58 | Create | Villager (Male) |
| 17:58 | Create | Villager (Male) |
| 17:58 | Create | Villager (Male) |
| 17:59 | Create | Villager (Male) |
| 18:05 | Create | Skirmisher |
| 18:05 | Create | Skirmisher |
| 18:06 | Create | Skirmisher |
| 18:06 | Create | Skirmisher |
Match timeline
| 0:54 | BananaWednesday · first_building Archery Range |
| 1:14 | ShutUpFingers · first_building Archery Range |
| 2:11 | ShutUpFingers · first_building Stable |
| 2:49 | BananaWednesday · first_building Stable |
| 3:02 | ShutUpFingers · first_building Dock |
| 4:16 | BananaWednesday · first_building Dock |
| 10:24 | BananaWednesday · age_up castle |
| 11:55 | ShutUpFingers · first_building Monastery |
| 12:00 | BananaWednesday · first_building Monastery |
| 13:44 | BananaWednesday · first_building Siege Workshop |
| 13:57 | BananaWednesday · first_building Castle |
| 14:56 | ShutUpFingers · first_building Siege Workshop |
| 16:41 | ShutUpFingers · first_building Castle |
| 21:56 | BananaWednesday · age_up imperial |
| 46:31 | BananaWednesday · first_building Barracks |
| 58:44 | ShutUpFingers · resign |
[ AI ANALYSIS · 1 CREDIT ]
What really happened in this match?
Wolo.gg analyzes every decision: build order, eco, micro, common mistakes by bracket. Personalized analysis on WhatsApp or Discord in 30 seconds.
Civ guide
Vietnamese
Map guide
Glacis
Perfil
BananaWednesday